 Dungeon Crawl Stone Soup version 0.26-a0-665-gefeb406119 (webtiles) character file.

Game seed: 9446714062737041760

550 jasper the Reanimator (level 7, 0/32 HPs)
             Began as a Vine Stalker Necromancer on Oct 15, 2020.
             Was an Initiate of Cheibriados.
             Slain by a gnoll
             ... wielding a +0 halberd
              (11 damage)
             ... on level 5 of the Dungeon.
             The game lasted 00:10:59 (5066 turns).

jasper the Reanimator (Vine Stalker Necromancer)    Turns: 5066, Time: 00:11:00

Health: 0/32       AC:  4    Str: 11    XL:     7   Next: 29%
Magic:  0/20       EV: 12    Int: 21    God:    Cheibriados [......]
Gold:   190        SH:  0    Dex: 16    Spells: 6/10 levels left

rFire    . . .     SeeInvis .   u - +0 short sword (freeze)
rCold    . . .     Faith    .   (no shield)
rNeg     + . .     Spirit   +   a - +0 robe
rPois    .         Reflect  .   o - +0 helmet
rElec    .         Harm     .   x - +0 cloak of the Sun {rN+ Int+3} (curse)
rCorr    +         Rampage  .   (no gloves)
MR       .....                  (no boots)
Stlth    ++........             (no amulet)
HPRegen  0.50/turn              v - ring of resist corrosion
MPRegen  0.17/turn              y - ring of magical power

@: about to teleport, slowed, very slow
A: fangs 2, regeneration 1, magic shield, antimagic bite, no potion heal 3, rot
immunity
a: Bend Time, Renounce Religion


You were on level 5 of the Dungeon.
You worshipped Cheibriados.
Cheibriados was noncommittal.
You visited 2 branches of the dungeon, and saw 6 of its levels.
You also visited: Sewer.

You collected 190 gold pieces.

Inventory:

Hand Weapons
 h - a +1 vampiric dagger
 q - a +0 quarterstaff
 s - a cursed +0 rapier
 u - a +0 short sword of freezing (weapon)
Missiles
 d - 39 poisoned darts
 g - 161 stones
 i - 4 javelins (quivered)
Armour
 a - a +0 robe (worn)
 o - a +0 helmet (worn)
 p - a +0 kite shield
 r - a +0 scale mail
 x - the cursed +0 cloak of the Sun (worn) {rN+ Int+3}
   (You found it in a sewer)

   It affects your intelligence (+3).
   It protects you from negative energy.
   It has a curse placed upon it.
Jewellery
 v - a ring of resist corrosion (left hand)
 y - a ring of magical power (right hand)
Scrolls
 b - a scroll of fog
 e - a scroll of teleportation
 f - a scroll of fear {unknown}
 k - 5 scrolls of identify
 l - 4 scrolls of blinking
Potions
 c - a potion of might {unknown}
 j - a potion of mutation {unknown}
 m - a potion of stabbing {unknown}
 n - 2 potions of curing {unknown}
 t - a potion of lignification {unknown}
 w - a potion of heal wounds {unknown}
 z - a potion of resistance {unknown}


   Skills:
 - Level 1.5 Dodging
 - Level 2.4 Stealth
 - Level 2.1 Spellcasting
 - Level 8.3 Necromancy
 + Level 1.8 Translocations


You had 6 spell levels left.
You knew the following spells:

 Your Spells              Type           Power        Failure   Level
a - Pain                  Necr           ####         1%          1
b - Animate Skeleton      Necr           #####.       1%          1
c - Blink                 Tloc           N/A          11%         2

Your spell library contained the following spells:

 Spells                   Type           Power        Failure   Level
 Vampiric Draining        Necr           #####.....   1%          3
 Animate Dead             Necr           #####.....   4%          4
 Agony                    Necr           #####...     13%         5
 Magic Dart               Conj           #...         14%         1
 Call Imp                 Summ           #.......     22%         2
 Slow                     Hex            #.......     22%         2
 Conjure Flame            Conj/Fire      #.......     41%         3
 Mephitic Cloud           Conj/Pois/Air  #.......     41%         3


Dungeon Overview and Level Annotations

Branches:
Dungeon (5/15)             Temple (1/1) D:5           Sewer (visited)

Altars:
Ashenzari
Cheibriados
Fedhas
Makhleb
Nemelex Xobeh
Okawaru
Ru
Sif Muna
Trog
Uskayaw
Wu Jian
Xom
Zin
The Shining One

Shops:
D:4 }   D:5 (


Innate Abilities, Weirdness & Mutations

You have extremely sharp teeth.
Your natural rate of healing is unusually fast.
When hurt, damage is shared between your health and your magic reserves.
Your bite disrupts and absorbs the magic of your enemies.
Potions cannot restore your health.
You are immune to rotting.


Message History

The orc wizard gestures wildly while chanting.
The orc wizard blinks!
The orc wizard casts a spell at you. The magic dart hits you.
* * * LOW HITPOINT WARNING * * *
The orc wizard gestures at you while chanting.
You feel yourself slow down.
Found Arishraw's Antique Weapon Boutique.
You take 1 damage, and have 8/32 hp.
You now have 3/20 mp.
Press: ? - help, Dir - move target cursor
As you read the scroll of blinking, it crumbles to dust.
Okay, then. 2 gnolls come into view.
The gnoll shouts!
You hear a shout! x2; The gnoll shouts!
As you read the scroll labeled NUDOGOBBIG, it crumbles to dust.
The scroll dissolves into smoke.
It was a scroll of fog.
As you read the scroll labeled WIDON DITZ, it crumbles to dust.
You feel strangely unstable.
It was a scroll of teleportation.
The gnoll hits you from afar with a +0 halberd!
You die...

#....##
#
###.###
#....#
#o#..#
#....#
#.∩.# #
#§.§#.##
#o#§ggg#
#§@§#
#####


You could see an orc wizard (fast) and a gnoll.

Vanquished Creatures
  A sky beast (D:5)
  A bullfrog (Sewer)
  Terence (D:3)
  3 orc wizards
  An iguana (D:4)
  2 hound skeletons
  14 adders
  An ooze (D:2)
  An adder skeleton (D:4)
  3 dart slugs
  7 leopard geckos
  11 orcs
  2 ball pythons (Sewer)
  11 giant cockroaches
  6 goblins
  6 hobgoblins
  6 kobolds
  3 quokkas
  4 bats
  11 frilled lizards
  A jackal zombie (D:5)
  2 quokka zombies (D:5)
  8 rats
106 creatures vanquished.

Notes
Turn   | Place    | Note
-------+----------+-------------------------------------------
     0 | D:1      | jasper the Vine Stalker Necromancer began the quest for the
                  | Orb.
     0 | D:1      | Reached XP level 1. HP: 9/9 MP: 4/4
   423 | D:1      | Reached XP level 2. HP: 12/13 MP: 3/6
   452 | D:1      | Learned a level 1 spell: Animate Skeleton
  1611 | D:2      | Reached XP level 3. HP: 15/16 MP: 5/7
  1628 | D:2      | Reached skill level 5 in Necromancy
  2451 | D:3      | Gained mutation: Your natural rate of healing is unusually
                  | fast. [Vine Stalker growth]
  2451 | D:3      | Reached XP level 4. HP: 18/21 MP: 4/8
  2679 | D:3      | Reached skill level 6 in Necromancy
  2907 | D:3      | Noticed Terence
  2917 | D:3      | Killed Terence
  2917 | D:3      | Reached XP level 5. HP: 18/24 MP: 2/9
  3433 | D:4      | Learned a level 2 spell: Blink
  3444 | D:4      | Found Uzaisal's Gadget Emporium.
  3668 | D:4      | Found a bloodstained altar of Trog.
  3704 | D:4      | Found a glowing drain.
  3731 | D:4      | Reached skill level 7 in Necromancy
  3734 | D:4      | Reached XP level 6. HP: 17/28 MP: 0/10
  3899 | Sewer    | Entered a sewer
  4182 | Sewer    | Got a distressingly furry cloak
  4188 | Sewer    | Identified the cursed +0 cloak of the Sun {rN+ Int+3} (You
                  | found it in a sewer)
  4673 | D:5      | Entered Level 5 of the Dungeon
  4679 | D:5      | Noticed a sky beast
  4802 | D:5      | Killed a sky beast
  4802 | D:5      | Reached skill level 8 in Necromancy
  4802 | D:5      | Reached XP level 7. HP: 29/32 MP: 11/11
  4863 | D:5      | Reached skill level 1 in Translocations
  4972 | D:5      | Found a staircase to the Ecumenical Temple.
  5012 | Temple   | Entered the Ecumenical Temple
  5022 | Temple   | Became a worshipper of Cheibriados the Contemplative
  5062 | D:5      | Found Arishraw's Antique Weapon Boutique.
  5066 | D:5      | Slain by a gnoll

Illustrated notes

Levels and vault maps discovered:
D:1:      sevenhm_arrival_forest_fort_small_4, layout_basic,
          minmay_misc_feat_five, kennysheep_another_room
D:2:      layout_loops_cross, ebering_dispersal_statue_hall
D:3:      layout_basic, uniq_terence
D:4:      layout_rooms, serial_shops, shop, gup_sewer_entry_glass,
          trog_butcher_becter
D:5:      layout_basic, temple_statues, serial_shops, nicolae_shop_stone,
          minivault_24
Temple:   dpeg_three_leaves_temple

Skill      XL: |  1  2  3  4  5  6  7 |
---------------+----------------------+-----
Necromancy     | 5 6 7 8 |  8.3
Translocations | 1 |  1.8
Dodging        | |  1.5
Stealth        | |  2.4
Spellcasting   | |  2.1

Action                   |  1- 3 |  4- 6 |  7- 9 || total
-------------------------+-------+-------+-------++-------
Melee: Dagger            |     1 |     6 |       ||     7
       Short sword       |       |    98 |    41 ||   139
       Bite              |       |    16 |     7 ||    23
Throw: Javelin           |     7 |    20 |       ||    27
 Cast: Pain              |    51 |    79 |     8 ||   138
       Animate Skeleton  |       |       |     1 ||     1
  Use: Scroll            |       |       |     5 ||     5
 Stab: Sleeping          |       |     1 |     2 ||     3
Armor: Robe              |     1 |    29 |    11 ||    41
Dodge: Dodged            |     3 |    86 |    30 ||   119

Table legend: (Time is in decaauts)
 A = Elapsed time spent in this place.
 B = Non-inter-level travel time spent in this place.
 C = Inter-level travel time spent in this place.
 D = Time resting spent in this place.
 E = Time spent auto-exploring this place.
 F = Levels seen in this place.
 G = Mean time per level.
                   A        B        C        D        E       F      G
               +--------+--------+--------+--------+--------+-----+--------+
         Total |   5191 |   4921 |    270 |    469 |   3636 |   7 |  741.6 |
       Dungeon |   4488 |   4230 |    258 |    469 |   3130 |   5 |  897.6 |
        Temple |     23 |     12 |     11 |      0 |      0 |   1 |   23.0 |
         Sewer |    679 |    679 |      0 |      0 |    505 |   1 |  679.0 |
               +--------+--------+--------+--------+--------+-----+--------+

Top non-repeatable levels by time:
     D:1: 1487 daAuts
     D:2: 971 daAuts
     D:3: 945 daAuts
     D:4: 701 daAuts
   Sewer: 679 daAuts
     D:5: 383 daAuts
  Temple: 23 daAuts
